 Dungeon Crawl Stone Soup version 0.31.0-11-ge490571c62 (webtiles) character file.

Game seed: 12640354965481898616

3 Bnni the Shield-Bearer (level 1, 0/18 HPs)
             Began as a Formicid Fighter on Feb 7, 2024.
             Constricted to death by a ball python (1 damage)
             ... on level 1 of the Dungeon.
             The game lasted 00:00:15 (110 turns).

Bnni the Shield-Bearer (Formicid Fighter)            Turns: 110, Time: 00:00:15

Health: 0/18       AC:  6    Str: 20    XL:     1   Next: 55%
Magic:  1/1        EV:  6    Int:  7    God:
Gold:   36         SH:  5    Dex: 13    Spells: 0/0 levels left

rFire   . . .        a - +0 trident
rCold   . . .        c - +0 buckler
rNeg    . . .        b - +0 scale mail
rPois   .            (helmet unavailable)
rElec   .            (no cloak)
rCorr   .            (no gloves)
SInv    +            (no boots)
Will    +....        (no amulet) Stlth
                     e - ring of willpower
HPRegen 0.23/turn    (no ring)
MPRegen 0.07/turn

%: no passive effects
@: constricted
A: permanent stasis, dig shafts and tunnels, antennae 3, four strong arms
a: Dig, Shaft Self


You were on level 1 of the Dungeon.
You visited 1 branch of the dungeon, and saw 1 of its levels.

You collected 36 gold pieces.

Inventory:

Hand Weapons
 a - a +0 trident (weapon)
Armour
 b - a +0 scale mail (worn)
 c - a +0 buckler (worn)
Jewellery
 e - a ring of willpower (left hand)
Potions
 d - a potion of might
 f - a potion of heal wounds {unknown}


   Skills:
 + Level 3.3 Fighting
 * Level 2.2 Polearms
 - Level 3.2 Armour
 - Level 4.0 Shields


You couldn't memorise any spells.
You didn't know any spells.
Your spell library was empty.

Dungeon Overview and Level Annotations

Branches:
Dungeon (1/15)

Altars:


Innate Abilities, Weirdness & Mutations

You cannot be hasted, slowed, berserked, paralysed or teleported.
You can dig through walls and to a lower floor.
You have a pair of large antennae on your head. (SInv)
Your four strong arms can wield two-handed weapons with a shield.


Message History

The kobold shouts!
A ball python comes into view.
The ball python hisses angrily.
There are monsters nearby!
You closely miss the kobold. The kobold completely misses you.
There are monsters nearby!
You barely miss the kobold.
The kobold hits you with a +1 whip of electrocution.
You closely miss the kobold. The kobold hits you but does no damage.
You block the kobold's attack.
You closely miss the kobold.
The kobold hits you with a +1 whip of electrocution.
You are electrocuted!
Ouch! That really hurt!
* * * LOW HITPOINT WARNING * * *
The ball python bites you but does no damage.
The ball python barely misses you.
You hit the kobold.
The kobold is severely wounded.
You block the ball python's attack. The ball python barely misses you.
The kobold barely misses you.
Unknown command.
You closely miss the kobold.
The kobold is severely wounded.
The ball python barely misses you. The ball python misses you.
The kobold hits you but does no damage. The ball python bites you.
* * * LOW HITPOINT WARNING * * *
You block the ball python's attack.
Unknown command.
You closely miss the kobold.
The kobold is severely wounded.
The kobold hits you but does no damage. The ball python barely misses you.
The ball python grabs you. The ball python constricts you.
* * * LOW HITPOINT WARNING * * *
The kobold hits you but does no damage.
Unknown command.
You puncture the kobold!
You kill the kobold!
You block the ball python's attack. The ball python constricts you.
You die...

#.........#
#.....
#(........#
#.....
#.........#
##....
#.........#
#....
##.########
##... #.#######
#...
#######.......#
##..
#......######..#
##. #.....@....#
## ......S)....#
# ............#
............#
...##.......#
... #.........
.. #..........
#####......


You could see a ball python.

Vanquished Creatures
  An endoplasm (D:1)
  3 kobolds (D:1)
4 creatures vanquished.

Notes
Turn   | Place    | Note
-------+----------+-------------------------------------------
     0 | D:1      | Bnni the Formicid Fighter began the quest for the Orb.
     0 | D:1      | Reached XP level 1. HP: 18/18 MP: 1/1
   110 | D:1      | Constricted to death by a ball python

Illustrated notes

Levels and vault maps discovered:
D:1:      dpeg_arrival_snail, layout_basic

Action                     || total
---------------------------++-------
  Melee: Trident           ||    17
 Armour: Scale mail        ||    10
  Dodge: Dodged            ||    11
  Block: Buckler           ||     4
